 Dungeon Crawl Stone Soup version 0.19.0-22-gd96e5fe (webtiles) character file.

2509 Jannitor the Skirmisher (level 9, -6/71 HPs)
             Began as a Demonspawn Skald on Nov 18, 2016.
             Was a Follower of Okawaru.
             Mangled by Joseph
             ... wielding a +0 quarterstaff
              (20 damage)
             ... on level 7 of the Dungeon.
             The game lasted 00:20:56 (10217 turns).

Jannitor the Skirmisher (Demonspawn Skald)         Turns: 10217, Time: 00:20:57

Health: -6/71      AC:  5    Str: 19    XL:     9   Next: 28%
Magic:  11/17      EV: 14    Int: 17    God:    Okawaru [*.....]
Gold:   244        SH:  0    Dex: 13    Spells: 4 memorised, 11 levels left

rFire  . . .     SeeInvis +     m - +0 long sword
rCold  + . .     Gourm    .     b - +0 leather armour
rNeg   . . .     Faith    .     (no shield)
rPois  +         Spirit   .     (helmet restricted)
rElec  .         Reflect  .     (no cloak)
rCorr  .         Harm     +     (no gloves)
MR     .....                    g - +0 pair of boots
Stlth  +.........               u - amulet of harm
                                n - ring of see invisible
                                i - ring of poison resistance

@: mighty, infused (expiring)
A: horns 2, repulsion field 1, cold resistance 1, sense surroundings 1, shaggy
fur 1, strong 1
a: Heroism, Renounce Religion


You were on level 7 of the Dungeon.
You worshipped Okawaru.
Okawaru was aware of your devotion.
You were hungry.

You visited 1 branch of the dungeon, and saw 7 of its levels.
You also visited: Sewer.

You collected 244 gold pieces.

Inventory:

Hand Weapons
 a - a +0 falchion
 m - a +0 long sword (weapon)
Armour
 b - a +0 leather armour (worn)
 g - a +0 pair of boots (worn)
Jewellery
 i - a ring of poison resistance (left hand)
 n - a ring of see invisible (right hand)
 u - an amulet of harm (around neck)
Wands
 s - a wand of lightning (0/15)
 t - a wand of digging (11/24)
 y - a wand of lightning (7/15)
 D - a wand of paralysis (8/24)
Scrolls
 e - a scroll of teleportation
 l - a scroll of amnesia {unknown}
 o - a scroll of fear
 x - 3 scrolls of identify {unknown}
 B - a scroll of random uselessness {unknown}
 E - 2 scrolls of remove curse
Potions
 j - 2 potions of cure mutation
 k - a potion of agility
 p - 2 potions of flight
 q - 2 potions of ambrosia {unknown}
 z - a potion of lignification {unknown}
Books
 c - a book of Battle

   Spells                             Type                      Level
   a - Infusion                       Charms                       1
   b - Shroud of Golubria             Charms/Translocation         2
   c - Song of Slaying                Charms                       2
   d - Spectral Weapon                Hexes/Charms                 3
   e - Regeneration                   Charms/Necromancy            3
 C - a book of Maledictions

   Spells                             Type                      Level
   a - Corona                         Hexes                        1
   b - Ensorcelled Hibernation        Hexes/Ice                    2
   c - Confuse                        Hexes                        3
   d - Tukima's Dance                 Hexes                        3
   e - Dazzling Spray                 Conjuration/Hexes            3
Comestibles
 d - 4 bread rations
 f - 11 fruits
 h - 2 meat rations
 r - a beef jerky
 w - 2 slices of pizza
 A - a royal jelly


   Skills:
 + Level 6.7 Fighting
 + Level 5.8 Long Blades
 - Level 0.8 Armour
 + Level 1.4 Dodging
 + Level 5.8 Spellcasting
 + Level 6.4 Charms


You had 11 spell levels left.
You knew the following spells:

 Your Spells              Type           Power        Failure   Level  Hunger
a - Infusion              Chrm           ####         1%          1    None
b - Shroud of Golubria    Chrm/Tloc      ###.......   8%          2    #......
c - Song of Slaying       Chrm           ####....     1%          2    #......
d - Spectral Weapon       Hex/Chrm       ###.....     14%         3    ##.....


Dungeon Overview and Level Annotations

Branches:
Dungeon (7/15)
 Temple: D:4-7

Altars:
Elyvilon
Fedhas
Kikubaaqudgha
Okawaru

Shops:
D:5 =

Annotations:
D:7 Joseph


Innate Abilities, Weirdness & Mutations

You have a pair of horns on your head.
You are surrounded by a mild repulsion field. (EV +2)
Your flesh is cold resistant. (rC+)
You passively map a small area around you.
You are covered in fur. (AC +1)
Your muscles are strong. (Str +2)


Message History

Joseph hits you with an uncursed quarterstaff!
You slash Joseph!
Joseph is heavily wounded.
The hound barely misses you.
You riposte.
You closely miss the hound.
Joseph hits you with an uncursed quarterstaff!
* * * LOW HITPOINT WARNING * * *
Unknown command.
You can't go down here!
Unknown command.
Unknown command.
You feel very mighty all of a sudden.
Your magical infusion is running out.
The hound barely misses you.
Joseph hits you with an uncursed quarterstaff.
* * * LOW HITPOINT WARNING * * *
Unknown command.
You slash Joseph!
Joseph is severely wounded.
The hound barely misses you. The hound bites you but does no damage.
Joseph hits you with an uncursed quarterstaff!
You die...

*###*....... * , ..
.....# #. #.#.....#.
, #.* #.........
#.##########.#^....#
#.#.......>..$.[...#
*
#.#...............##
#.#..........##.#...
#.#@@.......## .# ##
#(h###.###..# # ##.#
#.# ..## #.# #.#..##
#.# #.#.# * #.#
....* , ... ...#
,,... ..# * *
...>....,


You could see Joseph and a hound.

Vanquished Creatures
  Menkaure (D:4)
  A black bear (D:6)
  A sky beast (D:4)
  An orc warrior (D:6)
  An ice beast (D:5)
  6 ogres
  A centaur (D:6)
  A big kobold (Sewer)
  2 bullfrogs
  5 scorpions
  5 wights
  2 crimson imps
  A gnoll shaman (D:6)
  2 orc priests (D:6)
  A centaur skeleton (D:6)
  7 worker ants
  An iguana (D:4)
  3 orc wizards
  7 gnolls
  9 adders
  A river rat (Sewer)
  A shadow imp (D:5)
  An ooze (D:6)
  2 adder skeletons
  4 worms
  3 dart slugs
  6 leopard geckos
  19 orcs
  9 bats
  10 giant cockroaches
  5 goblins
  13 hobgoblins
  A jackal (Sewer)
  13 kobolds
  3 quokkas
  2 ball pythons (D:2)
  9 frilled lizards
  18 rats
178 creatures vanquished.

Notes
Turn   | Place    | Note
-------+----------+-------------------------------------------
     0 | D:1      | Jannitor the Demonspawn Skald began the quest for the Orb.
     0 | D:1      | Reached XP level 1. HP: 16/16 MP: 3/3
   218 | D:1      | Gained mutation: You are surrounded by a mild repulsion field. (EV +2) [demonic ancestry]
   218 | D:1      | Reached XP level 2. HP: 11/23 MP: 5/5
   958 | D:1      | Reached XP level 3. HP: 23/28 MP: 2/6
  1235 | D:1      | Learned a level 2 spell: Shroud of Golubria
  2035 | D:1      | Reached XP level 4. HP: 19/34 MP: 7/7
  3142 | D:3      | Found a glowing drain.
  3146 | Sewer    | Entered a sewer
  3421 | Sewer    | Noticed a big kobold
  3440 | Sewer    | Gained mutation: You passively map a small area around you. [potion of mutation]
  3440 | Sewer    | Gained mutation: Your muscles are strong. (Str +2) [potion of mutation]
  3441 | Sewer    | Killed a big kobold
  3441 | Sewer    | Gained mutation: You have a pair of small horns on your head. [demonic ancestry]
  3441 | Sewer    | Reached XP level 5. HP: 11/41 MP: 4/9
  3755 | Sewer    | Found a white marble altar of Elyvilon.
  4777 | D:3      | Learned a level 2 spell: Song of Slaying
  4805 | D:4      | Reached XP level 6. HP: 33/48 MP: 6/10
  5409 | D:4      | Noticed Menkaure
  5417 | D:4      | Killed Menkaure
  5417 | D:4      | Reached XP level 7. HP: 38/55 MP: 12/12
  6287 | D:4      | Reached skill level 5 in Fighting
  6501 | D:5      | Entered Level 5 of the Dungeon
  6771 | D:5      | Reached skill level 5 in Charms
  6771 | D:5      | Reached XP level 8. HP: 62/62 MP: 5/14
  6775 | D:5      | Found an iron altar of Okawaru.
  7037 | D:5      | Became a worshipper of Warmaster Okawaru
  7657 | D:4      | Gained mutation: You possess an exceptional clarity of mind. [mutagenic meat]
  7659 | D:4      | Gained mutation: You have a pair of horns on your head. [mutagenic meat]
  7660 | D:4      | Gained mutation: You are covered in fur. (AC +1) [mutagenic meat]
  7661 | D:4      | Lost mutation: You possess an exceptional clarity of mind. [mutagenic meat]
  8035 | D:5      | Reached skill level 5 in Long Blades
  8083 | D:5      | Reached skill level 5 in Spellcasting
  8239 | D:5      | Reached * piety under Okawaru
  8304 | D:5      | Found a white marble altar of Elyvilon.
  8305 | D:5      | Found a blossoming altar of Fedhas.
  8571 | D:5      | Found Ziesoech's Jewellery Shop.
  8885 | D:6      | Gained mutation: Your flesh is cold resistant. (rC+) [demonic ancestry]
  8885 | D:6      | Reached XP level 9. HP: 68/71 MP: 11/17
  9060 | D:6      | Learned a level 3 spell: Spectral Weapon
  9114 | D:6      | Reached skill level 1 in Dodging
  9118 | D:6      | Found an ancient bone altar of Kikubaaqudgha.
  9727 | D:6      | Reached ** piety under Okawaru
  9817 | D:7      | Noticed Joseph
 10217 | D:7      | Mangled by Joseph

Skill      XL: |  1  2  3  4  5  6  7  8  9 |
---------------+----------------------------+-----
Long Blades    | 2 3 4 5 |  5.8
Charms         | 3 4 5 6 |  6.4
Fighting       | 3 4 5 6 |  6.7
Spellcasting   | 3 4 5 |  5.8
Dodging        | 1 |  1.4
Armour         | |  0.8

Action                   |  1- 3 |  4- 6 |  7- 9 || total
-------------------------+-------+-------+-------++-------
Melee: Falchion          |    79 |       |       ||    79
       Long sword        |    31 |   217 |   263 ||   511
       Headbutt          |       |    22 |    63 ||    85
 Cast: Infusion          |     7 |    14 |    24 ||    45
       Shroud of Golubri |     2 |     6 |    23 ||    31
       Song of Slaying   |       |       |     1 ||     1
       Spectral Weapon   |       |       |     1 ||     1
Invok: Heroism           |       |       |     1 ||     1
Evoke: Wand              |       |       |     6 ||     6
  Use: Potion            |       |     9 |     2 ||    11
       Scroll            |       |     4 |       ||     4
  Eat: Chunk             |     2 |    12 |    13 ||    27
       Bread ration      |       |       |     2 ||     2
       Fruit             |       |       |     1 ||     1
Armor: Leather armour    |    20 |    64 |    46 ||   130
Dodge: Dodged            |    90 |   197 |   184 ||   471
       Rpst.: Falchion   |    20 |       |       ||    20
       Long sword        |     8 |    55 |    56 ||   119
